 Dungeon Crawl Stone Soup version 0.31-a0-175-g9f7f995f2b (webtiles) character file.

Game seed: 9837808252548065393

41 qw the Shooter (level 3, -1/22 HPs)
             Began as a Gargoyle Hunter on June 16, 2023.
             Slain by Sigmund
             ... wielding a +0 scythe
              (7 damage)
             ... on level 2 of the Dungeon.
             The game lasted 00:00:22 (775 turns).

qw the Shooter (Gargoyle Hunter)                     Turns: 775, Time: 00:00:23

Health: -1/22      AC:  6    Str: 14    XL:     3   Next: 52%
Magic:  3/3        EV: 11    Int:  9    God:
Gold:   90         SH:  0    Dex: 15    Spells: 2/2 levels left

rFire   . . .        Y - +0 shortbow
rCold   . . .        (shield currently unavailable)
rNeg    + . .        c - +0 leather armour
rPois   inf          (no helmet)
rElec   +            (no cloak)
rCorr   .            (no gloves)
SInv    .            (no boots)
Will    .....        (no amulet)
Stlth   ++           (no ring)
HPRegen 0.23/turn    (no ring)
MPRegen 0.08/turn

%: no passive effects
@: no status effects
A: sickness immunity, AC +3, negative energy resistance 1, electricity
resistance, torment resistance 1, petrification resistance
a: no special abilities


You were on level 2 of the Dungeon.
You visited 1 branch of the dungeon, and saw 2 of its levels.

You collected 90 gold pieces.


Innate Abilities, Weirdness & Mutations

You are immune to sickness and miasma.
Your stone body is resilient. (AC +3)
You are immune to poison.
You resist negative energy. (rN+)
You are resistant to electric shocks. (rElec)
You are resistant to unholy torment.
You are immune to petrification.


   Skills:
 + Level 2.6 Fighting
 - Level 5.0 Ranged Weapons
 - Level 1.5 Dodging
 - Level 1.1 Stealth


You had 2 spell levels left.
You didn't know any spells.
Your spell library was empty.

Inventory:

Hand Weapons
 Y - a +0 shortbow (weapon)
Armour
 a - a +0 ring mail
 c - a +0 leather armour (worn)
Scrolls
 b - a scroll of blinking {unknown}
Potions
 d - 2 potions of curing {unknown}
 e - a potion of invisibility {unknown}
 f - a potion of attraction {unknown}

Dungeon Overview and Level Annotations

Branches:
Dungeon (2/15)

Altars:

Shops:
D:2 [

Annotations:
D:2 Sigmund


Message History

Sigmund barely misses you. Sigmund hits you but does no damage.
Sigmund casts a spell at you.
You are more confused.
Sigmund closely misses you.
Sigmund hits you from afar with a +0 scythe.
Sigmund misses you.
Sigmund points at you and mumbles some strange words.
You resist with significant effort.
You feel less confused.
Sigmund hits you from afar with a +0 scythe.
You shoot an arrow. The arrow barely misses Sigmund.
Sigmund closely misses you.
You shoot an arrow.
The arrow hits Sigmund but does no damage.
Sigmund is lightly wounded.
You shoot an arrow. The arrow barely misses Sigmund.
Sigmund points at you and mumbles some strange words.
The puff of flame hits you. Sigmund barely misses you.
Enter note:
769 ||| UPGRADING to +0 ring mail.
You start removing your armour.
You continue taking off your +0 leather armour.
Sigmund looks at you with fury. Sigmund closely misses you.
You continue taking off your +0 leather armour.
Sigmund gestures at you while chanting.
You stop removing your armour.
You resist with significant effort.
772 ||| UPGRADING to +0 ring mail.
Sigmund's eyes start glowing with a red light.
Sigmund hits you but does no damage.
You stop removing your armour.
773 ||| UPGRADING to +0 ring mail.
You start removing your armour.
You continue taking off your +0 leather armour.
Sigmund hits you from afar with a +0 scythe!
You stop removing your armour.
775 ||| UPGRADING to +0 ring mail.
Sigmund hits you from afar with a +0 scythe!
You stop removing your armour.
You die...

# .# # .# #.
###.#
#.###...####
#...>......#
#..@.....#
#..#.....#
####..#@....+
#.....#...$.#
#.###.#.....#
#.# #.#.[...#
#%# #.#######
#.# #.# #.#
#.#


You could see Sigmund.

Vanquished Creatures
  2 adders (D:2)
  An orc (D:2)
  2 endoplasms (D:1)
  2 giant cockroaches (D:1)
  2 hobgoblins (D:1)
  5 jackals
  A quokka (D:1)
  A bat (D:1)
  2 frilled lizards
  A kobold (D:2)
  2 rats
21 creatures vanquished.

Notes
Turn   | Place    | Note
-------+----------+-------------------------------------------
     0 | D:1      | qw the Gargoyle Hunter began the quest for the Orb.
     0 | D:1      | Reached XP level 1. HP: 12/12 MP: 1/1
     0 | D:1      | 0 ||| qw: Version: 0.2-a-29-g511e9b1
     0 | D:1      | 0 ||| qw: Game counter: 5877
     0 | D:1      | 0 ||| qw: Always use a shield: true
     0 | D:1      | 0 ||| qw: God list: Okawaru
     0 | D:1      | 0 ||| qw: Allow faded altars: false
     0 | D:1      | 0 ||| qw: Do Orc after D:15 true
     0 | D:1      | 0 ||| qw: Do second Lair branch before Depths: true
     0 | D:1      | 0 ||| qw: Lair rune preference: random
     0 | D:1      | 0 ||| qw: Plans: Normal, Zot:1-4, Slime:5, God:TSO, Crypt,
                  | Tomb, Abyss, Pan, Hells, Win
     0 | D:1      | 0 ||| PLANNING D:1-11
   231 | D:1      | Reached XP level 2. HP: 17/17 MP: 2/2
   282 | D:1      | Found a faded altar of an unknown god.
   299 | D:1      | Noticed an eye of devastation
   302 | D:1      | Noticed a golden eye
   302 | D:1      | Noticed a shining eye
   302 | D:1      | Noticed a great orb of eyes
   310 | D:1      | 310 ||| READING scroll labelled KEENNY PITWUF.
   312 | D:1      | 312 ||| FLEEEEING.
   539 | D:1      | 539 ||| READING scroll labelled HABEMU XERO.
   540 | D:1      | 540 ||| DROPPING scroll of butterflies.
   569 | D:2      | Found Fiothoi's Antique Armour Shoppe.
   591 | D:2      | 591 ||| SHOPLISTING acid dragon scales (1000 gold, have
                  | 45).
   591 | D:2      | 591 ||| SHOPLISTING cloak (112 gold, have 45).
   591 | D:2      | 591 ||| SHOPLISTING pair of boots (112 gold, have 45).
   646 | D:2      | Reached skill level 5 in Ranged Weapons
   646 | D:2      | Reached XP level 3. HP: 16/21 MP: 3/3
   751 | D:2      | Noticed Sigmund
   769 | D:2      | 769 ||| UPGRADING to +0 ring mail.
   772 | D:2      | 772 ||| UPGRADING to +0 ring mail.
   773 | D:2      | 773 ||| UPGRADING to +0 ring mail.
   775 | D:2      | 775 ||| UPGRADING to +0 ring mail.
   775 | D:2      | Slain by Sigmund

Levels and vault maps discovered:
D:1:      lightli_arrival_chessboard, layout_loops_ring,
          hellmonk_ecumenical_altar_watching_god, minivault_25
D:2:      layout_basic, serial_shops, shop, eino_tiny_chamber, uniq_robin,
          uniq_sigmund

Skill      XL: |  1  2 |
---------------+-------+-----
Ranged Weapons | 5 |  5.0
Fighting       | |  2.6
Dodging        | |  1.5
Stealth        | |  1.1

Action                     || total
---------------------------++-------
   Fire: Shortbow          ||    90
    Use: Scroll            ||     2
 Armour: Leather armour    ||    29
  Dodge: Dodged            ||    50

Table legend:
 A = Non-vault XP
 B = Vault XP
 C = Vault XP percentage of total XP
 D = Non-vault monster count
 E = Vault monster count
 F = Vault count percentage of total count
                 A         B        C        D         E       F
            +---------+---------+-------+---------+---------+-------
      Total |      59 |       0 |   0.0 |      21 |       0 |   0.0
            +---------+---------+-------+---------+---------+-------
        D:1 |      23 |       0 |   0.0 |      13 |       0 |   0.0
        D:2 |      36 |       0 |   0.0 |       8 |       0 |   0.0
            +---------+---------+-------+---------+---------+-------
